 Dungeon Crawl Stone Soup version 0.21.1-1-g345015f (webtiles) character file.

58 Gadfly the Conjurer (level 3, -6/28 HPs)
             Began as a Draconian Conjurer on July 11, 2018.
             Mangled by a goblin
             ... wielding a +0 dagger
             ... led by Robin
              (8 damage)
             ... on level 2 of the Dungeon.
             The game lasted 00:04:33 (1136 turns).

Gadfly the Conjurer (Draconian Conjurer)            Turns: 1136, Time: 00:04:34

Health: -6/28      AC:  5    Str: 10    XL:     3   Next: 75%
Magic:  7/7        EV: 12    Int: 16    God:
Gold:   37         SH:  0    Dex: 11    Spells: 4/7 levels left

rFire    + . .     SeeInvis .   m - +0 spear
rCold    x . .     Gourm    .   (no shield)
rNeg     . . .     Faith    .   (armour unavailable)
rPois    .         Spirit   .   (helmet restricted)
rElec    .         Reflect  .   (no cloak)
rCorr    .         Harm     .   (no gloves)
MR       .....                  (no boots)
Stlth    ++........             (no amulet)
HPRegen  0.09/turn              f - ring of fire
MPRegen  0.10/turn              (no ring)

@: no status effects
A: unfitting armour, cold-blooded, AC +5
a: no special abilities


You were on level 2 of the Dungeon.
You were not hungry.

You visited 1 branch of the dungeon, and saw 2 of its levels.

You collected 37 gold pieces.

Inventory:

Hand Weapons
 m - a +0 spear (weapon)
Jewellery
 f - a ring of fire (left hand)
Scrolls
 e - a scroll of identify
Books
 a - a book of Conjurations

   Spells                             Type                      Level
   a - Magic Dart                     Conjuration                  1
   b - Searing Ray                    Conjuration                  2
   c - Dazzling Spray                 Conjuration/Hexes            3
   d - Fulminant Prism                Conjuration/Hexes            4
   e - Force Lance                    Conjuration/Translocation    4
   f - Iskenderun's Mystic Blast      Conjuration                  4
Comestibles
 b - 5 rations
 c - 2 chunks of flesh


   Skills:
 + Level 1.4 Fighting
 + Level 2.1 Dodging
 - Level 1.7 Stealth
 * Level 2.7 Spellcasting
 * Level 4.5 Conjurations


You had 4 spell levels left.
You knew the following spells:

 Your Spells              Type           Power        Failure   Level  Hunger
a - Magic Dart            Conj           ###.         3%          1    #......
b - Searing Ray           Conj           ###...       4%          2    ##.....


Dungeon Overview and Level Annotations

Branches:
Dungeon (2/15)

Altars:
Uskayaw

Annotations:
D:2 Robin


Innate Abilities, Weirdness & Mutations

Your plain brown scales are hard. (AC +5)
You cannot fit into any form of body armour.
You are cold-blooded and may be slowed by cold attacks.


Message History

You are too injured to fight recklessly!
You are too injured to fight recklessly!
You are too injured to fight recklessly!
You are too injured to fight recklessly!
You are too injured to fight recklessly!
You are too injured to fight recklessly!
You are too injured to fight recklessly!
You are too injured to fight recklessly!
You are too injured to fight recklessly!
You are too injured to fight recklessly!
You are too injured to fight recklessly!
Unknown command.
You completely miss the goblin. The goblin hits you with a dagger.
* * * LOW HITPOINT WARNING * * *
The hobgoblin barely misses you.
You barely miss the goblin. The goblin hits you with a dagger!
* * * LOW HITPOINT WARNING * * *
The hobgoblin hits you but does no damage.
The goblin hits you with a dagger!
You die... #..# #.# ####..# #.# #.g ......# #.# #.g #####.# #gg #.# Kg#

#.##########g#
#..........#g#
#########...##.#g#
#...........##.#@#
#.#######...##.#g#
#.# #...##.#.# #.#
#...##.#.# #.#
#####........# #.#
#..........[## #.#
#.####.####..... #)#
#.##.....##......
#.###.#.......#......


You could see Robin, 2 hobgoblins, 6 goblins and a kobold.

Vanquished Creatures
  An adder (D:2)
  2 oozes (D:1)
  A worm (D:2)
  3 dart slugs (D:1)
  A giant cockroach (D:1)
  5 goblins
  2 hobgoblins
  2 jackals (D:1)
  3 bats
  A frilled lizard (D:1)
  6 kobolds
  5 rats (D:1)
32 creatures vanquished.

Vanquished Creatures (others)
  4 toadstools (D:1)
4 creatures vanquished.

Grand Total: 36 creatures vanquished

Notes
Turn   | Place    | Note
-------+----------+-------------------------------------------
     0 | D:1      | Gadfly the Draconian Conjurer began the quest for the Orb.
     0 | D:1      | Reached XP level 1. HP: 14/14 MP: 3/3
   350 | D:1      | Reached XP level 2. HP: 22/22 MP: 0/5
   354 | D:1      | Learned a level 2 spell: Searing Ray
   483 | D:1      | Reached skill level 1 in Fighting
   628 | D:1      | Reached XP level 3. HP: 23/28 MP: 0/6
  1104 | D:2      | Found a hide-covered altar of Uskayaw.
  1130 | D:2      | Noticed Robin
  1136 | D:2      | Mangled by a goblin

Skill      XL: |  1  2 |
---------------+-------+-----
Dodging        | 2 |  2.1
Fighting       | 1 |  1.4
Stealth        | |  1.7
Spellcasting   | |  2.7
Conjurations   | |  4.5

Action                   || total
-------------------------++-------
Melee: Unarmed           ||    42
       Tailslap          ||     9
       Spear             ||    36
       Short sword       ||     2
 Cast: Magic Dart        ||    40
       Searing Ray       ||     1
  Use: Scroll            ||     4
       Potion            ||     4
 Stab: Sleeping          ||     1
  Eat: Chunk             ||     1
Armor: Skin              ||    21
Dodge: Dodged            ||    41
